 Dungeon Crawl Stone Soup version 0.27.1-4-g1640c2035a (webtiles) character file.

Game seed: 7132109541966036930

404 Descartes the Chiller (level 6, -2/34 HPs)
             Began as a Deep Elf Wanderer on Nov 17, 2021.
             Slain by Menkaure (12 damage)
             ... on level 4 of the Dungeon.
             The game lasted 00:18:01 (4362 turns).

Descartes the Chiller (Deep Elf Wanderer)           Turns: 4362, Time: 00:18:03

Health: -2/34      AC:  9    Str: 10    XL:     6   Next: 56%
Magic:  6/13       EV: 12    Int: 18    God:
Gold:   150        SH:  0    Dex: 14    Spells: 6/12 levels left

rFire    . . .     SeeInvis .   a - +0 dagger
rCold    . . .     Faith    .   (no shield)
rNeg     . . .     Spirit   .   c - +2 leather armour
rPois    +         Reflect  .   (no helmet)
rElec    .         Harm     .   (no cloak)
rCorr    .         Rampage  .   (no gloves)
Will     .....                  (no boots)
Stlth    ++........             l - amulet of regeneration
HPRegen  1.11/turn              k - ring of poison resistance
MPRegen  0.13/turn              (no ring)

@: ice-armoured
A: no striking features
a: no special abilities


You were on level 4 of the Dungeon.
You visited 1 branch of the dungeon, and saw 4 of its levels.

You collected 150 gold pieces.

Inventory:

Hand Weapons
 a - a +0 dagger (weapon)
Missiles
 g - 81 stones
 h - 10 boomerangs
 i - 14 poisoned darts
 s - 17 arrows
Armour
 c - a +2 leather armour (worn)
Magical Staves
 j - a staff of cold
 q - a staff of poison
Jewellery
 k - a ring of poison resistance (left hand)
 l - an amulet of regeneration (around neck)
Wands
 n - a wand of iceblast (9)
Scrolls
 e - 3 scrolls of identify {unknown}
 f - a scroll of enchant armour {unknown}
 m - 2 scrolls of teleportation {unknown}
 o - a scroll of noise {unknown}
 p - a scroll of silence {unknown}
 t - a scroll of vulnerability {unknown}
Potions
 b - a potion of lignification
 d - 3 potions of haste {unknown}
 r - 2 potions of invisibility {unknown}
 u - a potion of attraction {unknown}
 v - a potion of curing {unknown}


   Skills:
 - Level 1.5 Fighting
 - Level 1.0 Short Blades
 - Level 1.0 Throwing
 + Level 3.4 Dodging
 + Level 3.7 Stealth
 + Level 3.8 Spellcasting
 - Level 1.5 Hexes
 - Level 1.1 Summonings
 + Level 5.0 Ice Magic
 - Level 1.1 Evocations


You had 6 spell levels left.
You knew the following spells:

 Your Spells              Type           Power      Damage    Failure   Level
a - Freeze                Ice            84%        1d10      2%          1
b - Blink                 Tloc           N/A        N/A       30%         2
c - Ozocubu's Armour      Ice            21%        N/A       8%          3

Your spell library contained the following spells:

 Spells                   Type           Power      Damage    Failure   Level
 Lesser Beckoning         Tloc           1%         N/A       52%         3
 Manifold Assault         Tloc           3%         N/A       99%         5


Dungeon Overview and Level Annotations

Branches:
Dungeon (4/15)
 Temple: D:4-7

Altars:

Shops:
D:2 (   D:3 (

Annotations:
D:4 Menkaure


Message History

You hit Menkaure.
Menkaure is lightly damaged.
Menkaure barely misses you.
Casting: Freeze (safe; 2% risk of failure)
Confirm with . or Enter, or press ? or * to list all spells.
Aiming: Freeze (safe; 2% risk of failure)
Press: ? - help, Shift-Dir - straight line, f - Menkaure
Aim: Menkaure (lightly damaged)
You freeze Menkaure.
Menkaure resists.
Menkaure is lightly damaged.
Casting: Freeze (safe; 2% risk of failure)
Confirm with . or Enter, or press ? or * to list all spells.
A film of ice covers your body! Menkaure misses you.
Menkaure is nearby!
Casting: Ozocubu's Armour (dangerous; 8% risk of failure)
Confirm with . or Enter, or press ? or * to list all spells.
Aiming: Freeze (safe; 2% risk of failure)
Press: ? - help, Shift-Dir - straight line, f/p - Menkaure
Aim: Menkaure (lightly damaged)
You freeze Menkaure but do no damage.
Menkaure completely resists.
Menkaure hits you.
Casting: Freeze (safe; 2% risk of failure)
Confirm with . or Enter, or press ? or * to list all spells.
Aiming: Freeze (safe; 2% risk of failure)
Press: ? - help, Shift-Dir - straight line, f/p - Menkaure
Aim: Menkaure (lightly damaged)
You freeze Menkaure.
Menkaure resists.
Menkaure is lightly damaged.
Menkaure hits you!
* * * LOW HITPOINT WARNING * * *
Unknown command.
Casting: Freeze (safe; 2% risk of failure)
Confirm with . or Enter, or press ? or * to list all spells.
Aiming: Freeze (safe; 2% risk of failure)
Press: ? - help, Shift-Dir - straight line, f/p - Menkaure
Aim: Menkaure (lightly damaged)
You freeze Menkaure.
Menkaure resists.
Menkaure is lightly damaged.
Menkaure hits you!
You die...

# ####### ......#
############# #####)#
#....M@.....# # #.#
#.#########.# # #.# #.#..#
#.# # #.# #.#..# #.#
#####.#####.#..# #.#
.........##.#..#### #.#
########..#.#.....# #.#
......###.#.##.#.####.######
.....................>.....#


You could see Menkaure.

Vanquished Creatures
  A black bear (D:4)
  A centaur (D:3)
  An orc priest (D:3)
  2 centaur skeletons (D:4)
  A gnoll (D:4)
  3 adders (D:2)
  A dart slug (D:2)
  3 worms
  16 orcs
  3 endoplasms
  2 giant cockroaches
  4 goblins
  13 hobgoblins
  5 jackals
  4 quokkas
  7 ball pythons
  6 bats
  3 frilled lizards
  7 kobolds
  8 rats
91 creatures vanquished.

Notes
Turn   | Place    | Note
-------+----------+-------------------------------------------
     0 | D:1      | Descartes the Deep Elf Wanderer began the quest for the
                  | Orb.
     0 | D:1      | Descartes set off with the following items: a +0 dagger, a
                  | potion of lignification, a +2 leather armour; and the
                  | following spell memorised: Freeze; and the following spells
                  | available to memorise: Ozocubu's Armour
     0 | D:1      | Reached XP level 1. HP: 12/12 MP: 5/5
    87 | D:1      | Reached skill level 1 in Ice Magic
   366 | D:1      | Reached XP level 2. HP: 12/16 MP: 6/6
   408 | D:1      | Reached skill level 2 in Ice Magic
   654 | D:1      | Learned a level 2 spell: Blink
  1220 | D:2      | Reached XP level 3. HP: 17/20 MP: 1/7
  1287 | D:2      | Reached skill level 3 in Ice Magic
  1628 | D:2      | Found Guonke's Weapon Shoppe.
  1888 | D:2      | Reached skill level 4 in Ice Magic
  1888 | D:2      | Reached XP level 4. HP: 25/25 MP: 3/8
  1989 | D:2      | Found a faded altar of an unknown god.
  2842 | D:3      | Found Sicyclid's Antique Weapon Shop.
  3059 | D:3      | Reached skill level 5 in Ice Magic
  3161 | D:3      | Reached XP level 5. HP: 26/29 MP: 4/9
  3577 | D:4      | Noticed a black bear
  3584 | D:4      | Killed a black bear
  3838 | D:4      | Noticed an orc warrior
  3876 | D:4      | Reached XP level 6. HP: 34/34 MP: 8/12
  4171 | D:4      | Learned a level 3 spell: Ozocubu's Armour
  4351 | D:4      | Noticed Menkaure
  4362 | D:4      | Slain by Menkaure

Illustrated notes

Levels and vault maps discovered:
D:1:      eino_arrival_cavern_a, layout_loops_ring
D:2:      minmay_skewed_foursquare, layout_basic,
          dreamdust_ecumenical_altar_grove, serial_shops, nicolae_shop_crystal
D:3:      minmay_chambers_of_twos, layout_loops_cross, serial_shops, shop
D:4:      minmay_clustersquares, layout_basic, serial_bayou_pond_b,
          uniq_menkaure

Skill      XL: |  1  2  3  4  5  6 |
---------------+-------------------+-----
Ice Magic      | 1 2 4 5 |  5.0
Dodging        | 2 3 |  3.4
Stealth        | 3 |  3.7
Spellcasting   | 3 |  3.8
Fighting       | |  1.5
Short Blades   | |  1.0
Throwing       | |  1.0
Hexes          | |  1.5
Summonings     | |  1.1
Evocations     | |  1.1

Action                   |  1- 3 |  4- 6 || total
-------------------------+-------+-------++-------
Melee: Dagger            |    59 |    61 ||   120
 Cast: Freeze            |    55 |   112 ||   167
       Ozocubu's Armour  |       |     1 ||     1
Armor: Leather armour    |    44 |    52 ||    96
Dodge: Dodged            |    78 |    97 ||   175
